 Dungeon Crawl Stone Soup version 0.30-a0-953-g5f1da4a474 (webtiles) character file.

Game seed: 8721436754672018439

287846 Sobieck the Marksmummy (level 19, 0/143 HPs)
             Began as a Mummy Hunter on Mar 27, 2023.
             Was a High Priest of Hepliaklqana.
             Slain by a dire elephant (28 damage)
             ... on level 1 of the Vaults on Mar 28, 2023.
             The game lasted 02:12:28 (42865 turns).

Sobieck the Marksmummy (Mummy Hunter)              Turns: 42865, Time: 02:12:28

Health: 0/143      AC: 16    Str: 15    XL:     19   Next: 87%
Magic:  26/28      EV: 27    Int: 10    God:    Hepliaklqana [*****.]
Gold:   3684       SH:  5    Dex: 27    Spells: 22/24 levels left

rFire   x . .      SeeInvis +    a - +27 heavy crossbow "Sniper" {heavy, Acc+∞ SInv}
rCold   + . .      Faith    +    (shield currently unavailable)
rNeg    + + +      Spirit   .    I - +0 troll leather armour
rPois   ∞          Reflect  +    y - +1 helmet
rElec   .          Rampage  .    i - +1 cloak
rCorr   .                        h - +1 pair of gloves
Will    ++...                    f - +2 pair of boots {Fly}
Stlth   +++                      l - amulet of reflection
HPRegen 1.23/turn                H - ring of see invisible
MPRegen 0.21/turn                K - +6 ring of dexterity

@: flying, studying Axes
A: reduced essence, cold resistance 1, negative energy resistance 3, torment
resistance 2, heat vulnerability 1, in touch with death 2, no potions, faith
}: 2/15 runes: serpentine, barnacled
a: Renounce Religion, Recall Ancestor, Ancestor Identity, Transference, Idealise


You were on level 1 of the Vaults.
You worshipped Hepliaklqana.
Hepliaklqana was extremely pleased with you.
You visited 8 branches of the dungeon, and saw 35 of its levels.
You visited the Abyss 1 time.

You collected 4215 gold pieces.
You spent 531 gold pieces at shops.


Innate Abilities, Weirdness & Mutations

Your life essence is reduced to manifest your ancestor. (-10% HP)
You are immune to poison.
Your flesh is cold resistant. (rC+)
You are immune to negative energy. (rN+++)
You are immune to unholy pain and torment.
You are vulnerable to heat. (rF-)
You are strongly in touch with the powers of death.
You do not drink.
You have a special connection with the divine. (Faith)


   Skills:
 - Level 16.4 Fighting
 + Level 18.3 Ranged Weapons
 - Level 9.0 Armour
 - Level 16.0 Dodging
 - Level 5.0 Stealth
 - Level 3.0 Spellcasting
 - Level 7.0 Translocations
 - Level 12.0 Invocations
 - Level 6.0 Evocations


You had 22 spell levels left.
You knew the following spells:

 Your Spells              Type           Power      Damage    Failure   Level
a - Blink                 Tloc           30%        N/A       2%          2

Your spell library contained the following spells:

 Spells                   Type           Power      Damage    Failure   Level
 Lesser Beckoning         Tloc           30%        N/A       2%          2
 Momentum Strike          Conj/Tloc      16%        3d8       12%         2
 Manifold Assault         Tloc           15%        N/A       19%         4
 Portal Projectile        Hex/Tloc       16%        N/A       24%         3
 Vhi's Electric Charge    Tloc/Air       16%        N/A       24%         3
 Necrotise                Necr           12%        1d4       32%         1
 Sting                    Tmut/Pois      4%         1d3       32%         1
 Summon Small Mammal      Summ           4%         N/A       32%         1
 Cigotuvi's Dreadful Rot  Necr/Pois/Air  6%         N/A       45%         2
 Poisonous Vapours        Pois/Air       2%         N/A       45%         2
 Iskenderun's Mystic Bla  Conj/Tloc      8%         2d4       61%         4
 Call Canine Familiar     Summ           1%         N/A       69%         3
 Dazzling Flash           Conj/Hex       2%         N/A       69%         3
 Frozen Ramparts          Ice            2%         1d1       69%         3
 Ignite Poison            Fire/Tmut/Pois 1%         N/A       69%         3
 Mephitic Cloud           Conj/Pois/Air  1%         N/A       69%         3
 Ozocubu's Armour         Ice            1%         N/A       69%         3
 Stone Arrow              Conj/Erth      2%         3d7       69%         3
 Summon Guardian Golem    Hex/Summ       1%         N/A       69%         3
 Tukima's Dance           Hex            1%         N/A       69%         3
 Vampiric Draining        Necr           3%         2d6       69%         3
 Dispersal                Tloc           7%         N/A       96%         6
 Anguish                  Hex/Necr       1%         N/A       97%         4
 Animate Armour           Summ/Erth      2%         N/A       97%         4
 Dispel Undead            Necr           3%         3d7       97%         4
 Leda's Liquefaction      Hex/Erth       0%         N/A       97%         4
 Olgreb's Toxic Radiance  Pois           1%         N/A       97%         4
 Petrify                  Tmut/Erth      1%         N/A       97%         4
 Sticky Flame             Conj/Fire      1%         2d3       97%         4
 Summon Ice Beast         Ice/Summ       1%         N/A       97%         4
 Agony                    Necr           3%         N/A       100%        5
 Arcjolt                  Conj/Air       0%         1d10      100%        5
 Irradiate                Conj/Tmut      0%         3d11      100%        5
 Metabolic Englaciation   Hex/Ice        0%         N/A       100%        5
 Silence                  Hex/Air        0%         N/A       100%        5
 Death Channel            Necr           1%         N/A       100%        6
 Starburst                Conj/Fire      0%         6d3       100%        6
 Enfeeble                 Hex            0%         N/A       100%        7
 Ozocubu's Refrigeration  Ice            0%         4d7       100%        7
 Disjunction              Tloc           7%         N/A       100%        8
 Ignition                 Fire           0%         3d3       100%        8
 Lehudib's Crystal Spear  Conj/Erth      0%         10d2      100%        8
 Maxwell's Capacitive Co  Air            0%         ∞         100%        8
 Beastly Appendage        Tmut           Unusable   N/A       N/A         1
 Sublimation of Blood     Necr           Unusable   N/A       N/A         2
 Wereblood                Tmut           Unusable   N/A       N/A         2
 Spider Form              Tmut/Pois      Unusable   N/A       N/A         3
 Ice Form                 Ice/Tmut       Unusable   N/A       N/A         4
 Statue Form              Tmut/Erth      Unusable   N/A       N/A         6
 Borgnjor's Revivificati  Necr           Unusable   N/A       N/A         8
 Necromutation            Tmut/Necr      Unusable   N/A       N/A         8
 Death's Door             Necr           Unusable   N/A       N/A         9

Inventory:

Hand Weapons
 a - the +27 heavy crossbow "Sniper" (weapon) {heavy, Acc+∞ SInv}
   (You found it on level 4 of the Shoals)

   Acc+∞: It never misses its target.
   SInv:      It lets you see invisible.
 b - the +5 woodcutter's axe
   (You found it on level 6 of the Dungeon)
 x - a +2 antimagic arbalest {crossbow}
   (You found it on level 1 of the Shoals)
 R - a +5 heavy longbow {bow}
   (You took it off Vashnia on level 3 of the Snake Pit)
Missiles
 j - 8 silver boomerangs {throwing}
 q - 8 curare-tipped darts {=fthrowing}
 A - 8 atropa-tipped darts {throwing}
 D - 66 poisoned darts {throwing}
 O - 10 throwing nets {=f!fthrowing}
 P - 3 boomerangs of dispersal {=f!fthrowing}
 Z - 65 boomerangs {throwing}
Armour
 f - a +2 pair of boots of flying (worn)
   (You bought it in a shop on level 7 of the Dungeon)
 h - a +1 pair of gloves (worn)
   (You found it on level 9 of the Dungeon)
 i - a +1 cloak (worn)
   (You found it on level 9 of the Dungeon)
 s - the +2 helmet of Ru's Anger {rPois rF- Regen+ rCorr}
   (You found it on level 3 of the Snake Pit)

   rF:        It makes you vulnerable to fire.
   rPois:     It protects you from poison.
   Regen:     It increases your rate of health regeneration.
   rCorr:     It protects you from acid and corrosion.
 y - a +1 helmet (worn)
   (You found it on level 5 of the Dungeon)
 I - a +0 troll leather armour (worn)
   (You found it on level 12 of the Dungeon)
Magical Staves
 w - a staff of fire {!astaff}
   (You found it on level 3 of the Dungeon)
Jewellery
 e - a +6 ring of strength
   (You found it on level 1 of the Dungeon)
 g - a ring of wizardry
   (You found it on level 7 of the Dungeon)
 l - an amulet of reflection (around neck)
   (You found it on level 2 of the Dungeon)
 t - a ring of ice
   (You found it on level 10 of the Dungeon)
 H - a ring of see invisible (left hand)
   (You found it on level 5 of the Lair of Beasts)
 K - a +6 ring of dexterity (right hand)
   (You found it on level 6 of the Dungeon)
 Q - a ring of resist corrosion
   (You took it off a nagaraja on level 3 of the Snake Pit)
 W - the amulet of Igely {Rampage Regen+ Dex+6}
   (You took it off a deep elf demonologist on level 3 of the Elven Halls)

   [amulet of regeneration]

   Dex:       It affects your dexterity (+6).
   Regen:     It increases your rate of health regeneration.
   Rampage:   It bestows one free step when moving towards enemies.
Wands
 n - a wand of polymorph (15)
   (You took it off an orc on level 8 of the Dungeon)
 o - a wand of paralysis (30)
   (You found it on level 2 of the Dungeon)
 p - a wand of roots (24)
   (You found it on level 10 of the Dungeon)
 B - a wand of mindburst (25)
   (You found it on level 4 of the Dungeon)
 C - a wand of digging (12)
   (You took it off a kobold on level 4 of the Dungeon)
 E - a wand of acid (33)
   (You found it on level 4 of the Dungeon)
 V - a wand of flame (61)
   (You found it on level 6 of the Dungeon)
Scrolls
 c - 7 scrolls of poison
 d - 2 scrolls of silence {!r}
 k - 5 scrolls of vulnerability {!r!r}
 m - 9 scrolls of amnesia
 r - 9 scrolls of teleportation {@r4}
 u - 4 scrolls of noise {!r}
 v - 3 scrolls of butterflies
 z - a scroll of brand weapon
 F - 13 scrolls of identify {@r1}
 G - 3 scrolls of fog
 J - 4 scrolls of fear
 L - 11 scrolls of immolation {!r!r}
 N - a scroll of blinking {!r}
 T - a scroll of torment
 U - 2 scrolls of magic mapping {!r}
Miscellaneous
 M - a tin of tremorstones (2/2) {throwing}
   (You found it on level 3 of the Elven Halls)
 S - a condenser vane
   (You found it on level 1 of the Elven Halls)
 X - a phial of floods
   (You found it on level 3 of the Elven Halls)
 Y - a phantom mirror
   (You found it on level 3 of the Elven Halls)

Dungeon Overview and Level Annotations

Branches:
Dungeon (15/15) Zot: 25811  Temple (1/1) D:6 Zot: 5832    Lair (5/5) D:10 Zot: 23544
 Shoals (4/4) Lair:2 Zot: 19330   Snake (4/4) Lair:3 Zot: 17425   Slime (0/5) Lair:4
    Orc (2/2) D:10 Zot: 9466     Elf (3/3) Orc:2 Zot: 10827  Vaults (1/5) D:14 Zot: 5979
 Depths (0/4) D:15

Altars:
Ashenzari
Cheibriados
Dithmenos
Fedhas
Gozag
Hepliaklqana
Kikubaaqudgha
Makhleb
Nemelex Xobeh
Okawaru
Qazlal
Ru
Sif Muna
Trog
Uskayaw
Vehumet
Wu Jian
Xom
Yredelemnul
Jiyva
Lugonu

Shops:
D:7 [[   D:13 ?   Orc:1 :   Orc:2 :*[(   Elf:2 [

Portals:
Abyss: Lair:5

Annotations:
D:8 2 transporters, Akorn's ghost, journeyman DrCj; Grum
D:11 4 transporters, Fannar
D:14 exclusion: downstairs
Snake:2 2 transporters, Nohucul's ghost, adept MiBe
Orc:1 2 transporters, voltaire321's ghost, journeyman DsVM
Orc:2 1 runed translucent door, oldriver's ghost, journeyman DrIE
Elf:1 6 runed translucent doors
Elf:2 3 runed translucent doors

######
###.....##
##.).......
##..∩.......
#.†Rp.###...
##Y..###
#@YY.#
#...## #.>.#
#...# #....
##...# #....
##....


You could see the friendly Citlalmina the knight (idealised, reflecting), 3 dire
elephants and an ironbound convoker (chanting recall, ally target).


Message History

You fly down through the gate.
Welcome back to the Vaults!
This branch contains the silver rune of Zot.
The centaur warrior wields a +0 shortbow.
The centaur warrior shoots an arrow.
You reflect the arrow off an invisible shield around you!
The arrow hits the centaur warrior!
The dire elephant tramples you!!
You hold your ground!
The dire elephant barely misses you. The dire elephant misses you.
The dire elephant completely misses you.
There is a gate leading back out of this place, spattered with blood here.
Danger!
Hepliaklqana grants Citlalmina healing and protection!
The centaur warrior unwields a +0 shortbow.
The centaur warrior hits you! The centaur warrior closely misses you.
Citlalmina hits the centaur warrior with a +0 broad axe of flaming!!
Citlalmina burns the centaur warrior!
The dire elephant barely misses you. The dire elephant misses you.
The dire elephant barely misses you.
The dire elephant completely misses you.
The centaur warrior completely misses you.
You block the centaur warrior's attack.
The dire elephant attacks as you move away!
The dire elephant completely misses you. x2
The ironbound convoker attacks as you move away!
The ironbound convoker closely misses you.
The centaur warrior attacks as you move away!
The centaur warrior barely misses you. The centaur warrior misses you.
The ironbound convoker casts a spell at the centaur warrior.
The centaur warrior seems to grow stronger.
The centaur warrior wields a +0 shortbow.
The centaur warrior shoots an arrow.
Citlalmina reflects the arrow off their +0 tower shield of reflection!
The arrow hits the centaur warrior!
The centaur warrior dies!
Citlalmina hits the dire elephant with a +0 broad axe of flaming!!
Citlalmina burns the dire elephant.
Citlalmina hits the dire elephant with a +0 broad axe of flaming!
Citlalmina burns the dire elephant.
You shoot a bolt. The bolt hits the dire elephant!!!
The dire elephant tramples you!!
You are shoved backwards!
The ironbound convoker points at the dire elephant and mumbles some strange words.
The dire elephant seems to grow stronger.
Citlalmina hits the dire elephant with a +0 broad axe of flaming!!
Citlalmina burns the dire elephant.
Citlalmina hits the dire elephant with a +0 broad axe of flaming!
Citlalmina burns the dire elephant.
You block the dire elephant's attack. The dire elephant trunk-slaps you.
The dire elephant closely misses you. The dire elephant trunk-slaps you.
The ironbound convoker hits Citlalmina with a +0 dire flail.
The dire elephant completely misses you.
The dire elephant trunk-slaps you but does no damage.
You are too injured to fight recklessly!
You are too injured to fight recklessly!
Unknown command.
You are too injured to fight recklessly!
Fire: a) +27 heavy crossbow "Sniper" {heavy, Acc+∞ SInv}
Press: ? - help, Q - select action, (/) - cycle Shift-Dir - straight line, f/p - dire elephant
Aim: a dire elephant (severely wounded, 100% to hit)
You shoot a bolt. The bolt hits the dire elephant!!!
You kill the dire elephant!
Citlalmina barely misses the ironbound convoker.
Citlalmina hits the dire elephant with a +0 broad axe of flaming.
Citlalmina burns the dire elephant.
The dire elephant completely misses you.
The dire elephant trunk-slaps you.
Citlalmina barely misses the dire elephant.
Citlalmina hits the dire elephant with a +0 broad axe of flaming.
Citlalmina burns the dire elephant.
The ironbound convoker casts a spell at the dire elephant.
The dire elephant seems to grow stronger.
Fire: a) +27 heavy crossbow "Sniper" {heavy, Acc+∞ SInv}
Press: ? - help, Q - select action, (/) - cycle Shift-Dir - straight line, f - dire elephant
Aim: a dire elephant (lightly wounded, strong, 100% to hit)
You shoot a bolt. The bolt hits the dire elephant!!!
The dire elephant tramples Citlalmina!!
Citlalmina is shoved backwards!
The dire elephant completely misses you. x2
Citlalmina hits the dire elephant with a +0 broad axe of flaming!
Citlalmina burns the dire elephant.
Citlalmina hits the dire elephant but does no damage.
The dire elephant closely misses you. The dire elephant barely misses you.
The dire elephant misses you. The dire elephant closely misses you.
Citlalmina hits the dire elephant with a +0 broad axe of flaming!
Citlalmina burns the dire elephant.
Citlalmina hits the dire elephant with a +0 broad axe of flaming!
Citlalmina burns the dire elephant.
Fire: a) +27 heavy crossbow "Sniper" {heavy, Acc+∞ SInv}
Press: ? - help, Q - select action, (/) - cycle Shift-Dir - straight line, f/p - dire elephant
Aim: a dire elephant (heavily wounded, strong, 100% to hit)
You shoot a bolt. The bolt hits the dire elephant!!
The dire elephant tramples you!
You are shoved backwards!
The ironbound convoker begins to recite a word of recall!
The dire elephant tramples you!!!
* * * LOW HITPOINT WARNING * * *
You hold your ground!
The dire elephant misses you. x2
The dire elephant completely misses you. x2
The dire elephant trunk-slaps you.
* * * LOW HITPOINT WARNING * * *
The dire elephant tramples you!
* * * LOW HITPOINT WARNING * * *
You are shoved backwards!
The dire elephant tramples you!!
You die...

Skill      XL: |  1  2  3  4  5  6  7  8  9 10 11 12 13 14 15 16 17 18 19 |
---------------+----------------------------------------------------------+-----
Stealth        | 1 2 3 4 5 |  5.0
Ranged Weapons | 4 5 6 7 9 10 12 16 17 18 | 18.3
Dodging        | 2 4 5 7 9 10 11 14 16 | 16.0
Invocations    | 1 3 6 7 9 10 12 | 12.0
Fighting       | 4 6 9 11 12 13 14 15 16 | 16.4
Armour         | 2 4 6 9 |  9.0
Spellcasting   | 3 |  3.0
Translocations | 2 5 7 |  7.0
Evocations     | 2 5 6 |  6.0

Action                     |  1- 3 |  4- 6 |  7- 9 | 10-12 | 13-15 | 16-18 | 19-21 || total
---------------------------+-------+-------+-------+-------+-------+-------+-------++-------
  Melee: Battleaxe         |       |       |    58 |     2 |    28 |       |       ||    88
   Fire: Shortbow          |   124 |   172 |   275 |   772 |   835 |       |       ||  2178
         Arbalest          |       |       |       |       |   689 |   261 |       ||   950
         Longbow           |       |       |       |       |       |   844 |   398 ||  1242
         Heavy crossbow    |       |       |       |       |       |       |    18 ||    18
  Throw: Dart              |       |       |       |     5 |       |       |       ||     5
 Invoke: Ancestor Life: Kn |       |       |     1 |       |       |       |       ||     1
         Ancestor Identity |       |       |     1 |       |       |       |       ||     1
         Idealise          |       |       |       |     5 |     4 |    13 |     6 ||    28
         Recall Ancestor   |       |       |       |     3 |     4 |    10 |       ||    17
         Transference      |       |       |       |     1 |     2 |     2 |       ||     5
  Evoke: Wand              |       |     1 |       |     1 |       |       |       ||     2
    Use: Scroll            |       |     7 |     4 |    10 |     6 |     9 |       ||    36
   Stab: Distracted        |       |       |       |       |     1 |       |       ||     1
 Armour: Leather armour    |     5 |    27 |    24 |    46 |       |       |       ||   102
         Troll leather arm |       |       |       |    18 |    97 |    39 |    29 ||   183
  Dodge: Dodged            |    10 |    50 |    54 |   193 |   362 |   201 |   180 ||  1050
  Block: Other             |    11 |    26 |    32 |    58 |    85 |    51 |    31 ||   294
         Reflection        |       |       |     3 |     3 |    13 |    16 |     6 ||    41

Levels and vault maps discovered:
D:1:      onia_arrival_pentagram, layout_basic
D:2:      layout_loops_corners, dreamdust_princess_bridge,
          kennysheep_generic_room_2
D:3:      layout_loops_ring, nicolae_ru_awakened_eye,
          hangedman_decor_diamond_cutter, uniq_ijyb
D:4:      layout_basic, lemuel_mausoleum_altar_yredelemnul,
          kennysheep_generic_room_6
D:5:      layout_loops_corners
D:6:      layout_cave_pools, marbit_many_paths, minmay_temple_entry_mist,
          minmay_ruffians
D:7:      layout_basic, okawaru_altar_gauntlet_db, serial_shops, shop,
          minmay_shop_chei, worms_lemuel
D:8:      cheibrodos_quashed, layout_cave_pools, mainiacjoe_overflow_alcove_1,
          nicolae_overflow_hidden_temple, gammafunk_ghost_gnarly_gnolls,
          nrook_mini_backslash, uniq_psyche
D:9:      layout_loops_ring
D:10:     layout_loops_cross, hellmonk_lair_entry_icy, orc_0_dummy
D:11:     layout_cave_pools, nicolae_diode_intersection, uniq_sonja, uniq_snorg,
          uniq_grum, uniq_fannar
D:12:     layout_basic, roderic_batcave, doesnt_xom_only_xom
D:13:     layout_loops_ring, serial_shops, nicolae_shop_stone
D:14:     layout_long_grid, erik_vaults_2, gauntlet_entry_generic
D:15:     gammafunk_depths_entry_grave, layout_irregular_city,
          grunt_decor_fettered, uniq_jorgrun
Temple:   minmay_temple_bridge_d
Lair:1:   layout_cave_pods
Lair:2:   layout_chaotic_city, elwin_shoals_entry_rooms, grunt_megastairs_5,
          uniq_prince_ribbit2
Lair:3:   layout_long_grid, nicolae_snake_entry_warm_welcome, special_room
          [special_room_bee], patterned_corridor, lemuel_fruit_tree,
          infiniplex_staircase_pool_2
Lair:4:   regret_index_tunnel_blossom, layout_loops_ring,
          minmay_slime_entry_jelly_boxes, portal_ice_cave_entry_pillars_1,
          hangedman_lair_generics_rect
Lair:5:   hellmonk_lair_end_abyssal_woods, layout_misc_corridors, st_stairs_9,
          lookout_lair_type
Shoals:1: layout_shoals
Shoals:2: layout_shoals, uniq_ilsuiw
Shoals:3: layout_shoals, nicolae_shoals_songs
Shoals:4: shoals_end_grunt_ice, layout_shoals, shoals_ilsuiw_alternative,
          uniq_polyphemus
Snake:1:  layout_gridlike, uniq_aizul, uniq_rupert
Snake:2:  layout_misc_corridors, gammafunk_ghost_berserking_beasts
Snake:3:  kennysheep_snake, layout_basic, grunt_ministairs_8, uniq_vashnia
Snake:4:  hellmonk_snake_rune_quicksilver_temple, layout_cave_town
Orc:1:    layout_caves, gammafunk_ghost_stat_death, serial_shops,
          nicolae_shop_competitors_out_of_business
Orc:2:    st_orc_congregation, layout_caves, ebering_ghost_xom
Elf:1:    eino_elf_arrival_sip, layout_loops_corners, orc_legates, minivault_26,
          serial_sigils_hangedman_gut, minivault_20
Elf:2:    nicolae_elf_blades_splatter_lattice [nicolae_blade_entry_pointy_end],
          layout_gridlike, basic_altar, serial_shops, nicolae_shop_hallway_plus
Elf:3:    minmay_elf_hall_four_x, layout_loops_corners, st_stairs_12,
          minivault_23, grunt_megastairs_4
Vaults:1: vaults_room_grunt_arrival_ludios, vaults_room_pools,
          hangedman_vaults_trim, vaults_room_hangedman_quadrants,
          v_alt_pattern_2, v_misc_27, nicolae_vaults_little_squares_6,
          nicolae_vaults_stairing_the_circle, v_misc_22,
          nicolae_vaults_back_hallway, v_misc_18,
          nicolae_vaults_ring_of_whatevers, vaults_dpeg_encased_lava,
          vaults_dpeg_hooks, layout_vaults_omnicross, uniq_asterion

Notes
Turn   | Place    | Note
-------+----------+-------------------------------------------
     0 | D:1      | Sobieck the Mummy Hunter began the quest for the Orb.
     0 | D:1      | Reached XP level 1. HP: 16/16 MP: 1/1
    87 | D:1      | Reached skill level 1 in Stealth
   356 | D:1      | Reached XP level 2. HP: 22/22 MP: 2/2
   987 | D:2      | Gained mutation: You are in touch with the powers of death.
                  | [Mummy growth]
   987 | D:2      | Reached XP level 3. HP: 27/27 MP: 3/3
  1114 | D:2      | Reached skill level 4 in Ranged Weapons
  1792 | D:3      | You add the spells Vhi's Electric Charge, Arcjolt and
                  | Maxwell's Capacitive Coupling to your library.
  1884 | D:3      | Reached skill level 2 in Stealth
  1892 | D:3      | Noticed Ijyb
  1910 | D:3      | Killed Ijyb
  1911 | D:3      | Reached XP level 4. HP: 14/33 MP: 4/4
  2101 | D:3      | Found a sacrificial altar of Ru.
  2500 | D:4      | Noticed a scorpion
  2535 | D:4      | Noticed a necrophage
  2660 | D:3      | Killed a necrophage
  2661 | D:3      | Reached XP level 5. HP: 38/38 MP: 5/5
  2716 | D:3      | Reached skill level 5 in Ranged Weapons
  2716 | D:3      | Reached skill level 3 in Stealth
  2805 | D:4      | Reached XP level 6. HP: 38/44 MP: 6/6
  3418 | D:4      | Reached skill level 6 in Ranged Weapons
  3685 | D:4      | Reached XP level 7. HP: 50/50 MP: 7/7
  3786 | D:4      | You add the spells Sting, Poisonous Vapours and Olgreb's
                  | Toxic Radiance to your library.
  3869 | D:4      | Reached skill level 4 in Stealth
  3884 | D:4      | Found a basalt altar of Yredelemnul.
  4210 | D:5      | Entered Level 5 of the Dungeon
  4487 | D:5      | Reached skill level 7 in Ranged Weapons
  4846 | D:5      | Identified the +2 mace of Wu Jian, Nurturing {venom,
                  | Will+++ SInv}
  4892 | D:5      | Reached XP level 8. HP: 44/56 MP: 8/8
  5136 | D:6      | Found a staircase to the Ecumenical Temple.
  5186 | D:6      | Found the +5 woodcutter's axe
  5243 | D:6      | Reached skill level 5 in Stealth
  5280 | Temple   | Entered the Ecumenical Temple
  5375 | Temple   | Became a worshipper of Hepliaklqana the Forgotten
  5626 | D:6      | Reached skill level 8 in Ranged Weapons
  5665 | D:6      | Reached skill level 9 in Ranged Weapons
  5759 | D:6      | Reached skill level 2 in Dodging
  5759 | D:6      | Reached skill level 1 in Invocations
  5780 | D:6      | Reached XP level 9. HP: 54/62 MP: 8/10
  5851 | D:6      | You pick up a book of Spatial Translocations and begin
                  | reading...
  5851 | D:6      | You add the spells Blink, Momentum Strike and Lesser
                  | Beckoning to your library.
  5896 | D:6      | Reached skill level 3 in Fighting
  5914 | D:6      | You pick up a book of Alchemy and begin reading...
  5914 | D:6      | You add the spells Petrify and Irradiate to your library.
  5926 | D:6      | Reached skill level 2 in Invocations
  6283 | D:6      | Found a burning altar of Makhleb.
  6374 | D:7      | Reached * piety under Hepliaklqana
  6419 | D:7      | Reached skill level 3 in Dodging
  6641 | D:7      | Found a snail-covered altar of Cheibriados.
  6641 | D:7      | Found Cheibriados's Comfort Zone.
  6709 | D:7      | Reached skill level 4 in Fighting
  6824 | D:7      | Found Wupum's Armour Boutique.
  6828 | D:7      | Bought a +1 pair of boots of flying for 214 gold pieces
  6880 | D:7      | Reached skill level 3 in Invocations
  7004 | D:7      | You add the spells Cigotuvi's Dreadful Rot and Dispel
                  | Undead to your library.
  7004 | D:7      | Got Gaemonuck's Folio of Pestilence and Diablerie
  7116 | D:7      | Reached ** piety under Hepliaklqana
  7117 | D:7      | Remembered your ancestor Citlalmina as a knight
  7305 | D:7      | Found an iron altar of Okawaru.
  7471 | D:8      | Noticed Psyche
  7471 | D:8      | Found an opulent altar of Gozag.
  7485 | D:8      | HP: 9/59 [something (14)]
  7485 | D:8      | Killed Psyche
  7803 | D:8      | Reached skill level 4 in Dodging
  7834 | D:8      | Reached XP level 10. HP: 65/65 MP: 12/12
  8014 | D:8      | Found a transporter.
  8015 | D:8      | Found a transporter.
  8016 | D:8      | Noticed Grum
  8068 | D:8      | Noticed Akorn's ghost (journeyman DrCj)
  8323 | D:8      | Identified the ring of Osmifasi {+Blink Fly rN+ rCorr}
  8330 | D:8      | Reached *** piety under Hepliaklqana
  8439 | D:8      | Found a blossoming altar of Fedhas.
  8551 | D:9      | Reached skill level 5 in Fighting
  8551 | D:9      | Reached skill level 4 in Invocations
  8936 | D:9      | Noticed a two-headed ogre
  8978 | D:9      | Killed a two-headed ogre
  8979 | D:9      | Reached skill level 10 in Ranged Weapons
  9030 | D:9      | You add the spells Ignite Poison, Sticky Flame and Ignition
                  | to your library.
  9395 | D:10     | Entered Level 10 of the Dungeon
  9412 | D:10     | Found a staircase to the Orcish Mines.
  9559 | D:10     | Reached skill level 6 in Fighting
  9559 | D:10     | Reached skill level 5 in Invocations
  9563 | D:10     | Reached skill level 5 in Dodging
  9690 | D:10     | Found a staircase to the Lair.
  9872 | D:10     | Reached **** piety under Hepliaklqana
 10099 | D:11     | Noticed a cyclops
 10106 | D:11     | Killed a cyclops
 10134 | D:11     | Reached skill level 6 in Invocations
 10147 | D:11     | Reached XP level 11. HP: 52/74 MP: 11/15
 10379 | D:11     | Reached skill level 7 in Fighting
 10395 | D:11     | Noticed Snorg
 10408 | D:11     | Killed Snorg
 10426 | D:11     | Noticed Sonja
 10433 | D:11     | Killed Sonja
 10434 | D:11     | Reached skill level 7 in Invocations
 10520 | D:11     | You pick up a book of Necromancy and begin reading...
 10520 | D:11     | You add the spells Necrotise, Vampiric Draining and Agony
                  | to your library.
 10561 | D:11     | Found a transporter.
 10601 | D:11     | Found a transporter.
 10710 | D:11     | Found a transporter.
 10713 | D:11     | Noticed Fannar
 10714 | D:11     | Found a transporter.
 11049 | D:12     | Reached skill level 11 in Ranged Weapons
 11175 | D:12     | Reached skill level 8 in Fighting
 11453 | D:12     | Noticed a sun demon
 11846 | D:12     | Noticed a cyan ugly thing
 11856 | D:12     | Killed a cyan ugly thing
 11868 | D:12     | Found an ancient bone altar of Kikubaaqudgha.
 11870 | D:12     | Found a sparkling altar of Nemelex Xobeh.
 11870 | D:12     | Found a hide-covered altar of Uskayaw.
 11872 | D:12     | Found a basalt altar of Yredelemnul.
 11872 | D:12     | Found a shimmering altar of Xom.
 11872 | D:12     | Found a bloodstained altar of Trog.
 12011 | Lair:1   | Entered Level 1 of the Lair of Beasts
 12015 | Lair:1   | You pick up a book of Callings and begin reading...
 12015 | Lair:1   | You add the spells Summon Small Mammal, Call Canine
                  | Familiar and Summon Guardian Golem to your library.
 12094 | Lair:1   | You pick up a book of Maledictions and begin reading...
 12094 | Lair:1   | You add the spells Anguish and Enfeeble to your library.
 12165 | Lair:1   | Identified a scroll of acquirement
 12166 | Lair:1   | Acquired a manual of Ranged Weapons
 12274 | Lair:1   | Reached skill level 9 in Fighting
 12277 | Lair:1   | Noticed a boulder beetle
 12288 | Lair:1   | Killed a boulder beetle
 12289 | Lair:1   | Reached skill level 12 in Ranged Weapons
 13060 | Lair:2   | Noticed Prince Ribbit
 13117 | Lair:1   | Reached XP level 12. HP: 76/85 MP: 17/17
 13132 | Lair:2   | Reached skill level 13 in Ranged Weapons
 13183 | Lair:2   | Noticed a six-headed hydra
 13191 | Lair:2   | Killed Prince Ribbit
 13198 | Lair:2   | Killed a six-headed hydra
 13246 | Lair:2   | Noticed a six-headed hydra
 13253 | Lair:2   | Killed a six-headed hydra
 13388 | Lair:2   | Reached skill level 14 in Ranged Weapons
 13602 | Lair:2   | Reached skill level 15 in Ranged Weapons
 13665 | Lair:2   | Found a staircase to the Shoals.
 14063 | Lair:3   | Upgraded the game from 0.30-a0-949-g53dc5368d7 to
                  | 0.30-a0-953-g5f1da4a474
 14183 | Lair:3   | Reached skill level 16 in Ranged Weapons
 14295 | Lair:3   | Reached ***** piety under Hepliaklqana
 14324 | Lair:3   | Reached skill level 1 in Armour
 14344 | Lair:3   | Found a staircase to the Snake Pit.
 14426 | Lair:3   | Reached skill level 2 in Armour
 14602 | Lair:3   | You pick up a book of the Hunter and begin reading...
 14602 | Lair:3   | You add the spells Portal Projectile and Leda's
                  | Liquefaction to your library.
 14979 | Lair:3   | Gained mutation: You are strongly in touch with the powers
                  | of death. [Mummy growth]
 14979 | Lair:3   | Reached XP level 13. HP: 90/90 MP: 18/18
 15524 | Lair:3   | Reached skill level 3 in Armour
 15524 | Lair:3   | Reached skill level 6 in Dodging
 15719 | Lair:4   | Reached skill level 8 in Invocations
 15757 | Lair:4   | Reached skill level 10 in Fighting
 15926 | Lair:4   | You pick up a book of Changes and begin reading...
 15954 | Lair:4   | Found a staircase to the Slime Pits.
 15954 | Lair:4   | Found a viscous altar of Jiyva.
 16059 | Lair:4   | Reached skill level 4 in Armour
 16499 | Lair:4   | Reached skill level 7 in Dodging
 16597 | Lair:4   | Reached skill level 9 in Invocations
 16654 | Lair:4   | Identified the +1 pair of boots of Gula {MP+9}
 17046 | Lair:5   | Entered Level 5 of the Lair of Beasts
 17055 | Lair:5   | Reached skill level 11 in Fighting
 17251 | Lair:5   | Reached XP level 14. HP: 101/101 MP: 20/20
 17377 | Lair:5   | Reached skill level 8 in Dodging
 17737 | Lair:5   | Reached skill level 12 in Fighting
 17842 | Lair:5   | Got Wenerpha's Omnibus of the Gift and Malediction
 17859 | Lair:5   | Reached skill level 9 in Dodging
 17862 | Lair:5   | Learned a level 2 spell: Blink
 17976 | Lair:5   | Reached skill level 1 in Spellcasting
 18006 | Lair:5   | Reached skill level 1 in Translocations
 18006 | Lair:5   | Reached skill level 1 in Evocations
 18029 | Lair:5   | Reached skill level 2 in Spellcasting
 18066 | Lair:5   | Found a corrupted altar of Lugonu.
 18066 | Lair:5   | Found a one-way gate to the infinite horrors of the Abyss.
 18535 | Orc:1    | Entered Level 1 of the Orcish Mines
 18535 | Orc:1    | Found Punguhi's Book Emporium.
 18540 | Orc:1    | Found a transporter.
 18763 | Orc:1    | Noticed voltaire321's ghost (journeyman DsVM)
 18788 | Orc:1    | Found a transporter.
 18803 | Orc:1    | Reached skill level 3 in Spellcasting
 18803 | Orc:1    | Reached skill level 2 in Translocations
 18803 | Orc:1    | Reached skill level 2 in Evocations
 19136 | Orc:2    | Entered Level 2 of the Orcish Mines
 19140 | Orc:2    | Found a staircase to the Elven Halls.
 19741 | Orc:2    | Found a runed translucent door.
 19742 | Orc:2    | Found a shimmering altar of Xom.
 19742 | Orc:2    | Noticed oldriver's ghost (journeyman DrIE)
 20153 | Orc:2    | Noticed an orc warlord
 20172 | Orc:2    | Killed an orc warlord
 20316 | Orc:2    | Found Korah's Antique Armour Emporium.
 20345 | Orc:2    | Found Zuesm's General Store.
 20346 | Orc:2    | Found Lagoddoh's Book Shoppe.
 20347 | Orc:2    | Found Oguegror's Antique Weapon Emporium.
 20641 | Orc:2    | Reached skill level 17 in Ranged Weapons
 21287 | D:13     | Reached XP level 15. HP: 108/108 MP: 21/21
 21473 | D:13     | Found Xeotwiso's Magic Scroll Shoppe.
 21478 | D:13     | Bought a scroll of blinking for 97 gold pieces
 21478 | D:13     | Bought a scroll of brand weapon for 123 gold pieces
 21478 | D:13     | Bought a scroll of blinking for 97 gold pieces
 21564 | D:13     | Acquired 511 gold pieces
 21818 | D:14     | Reached ****** piety under Hepliaklqana
 21939 | D:14     | Found a gate to the Vaults.
 22334 | D:14     | Reached skill level 18 in Ranged Weapons
 22445 | D:14     | Reached skill level 5 in Armour
 22458 | D:14     | You pick up a book of Changes and begin reading...
 22579 | D:14     | Reached skill level 3 in Translocations
 22713 | D:14     | Reached skill level 3 in Evocations
 22753 | D:15     | Entered Level 15 of the Dungeon
 22753 | D:15     | Noticed Jorgrun
 22753 | D:15     | Found a staircase to the Depths.
 22902 | Snake:1  | Entered Level 1 of the Snake Pit
 23138 | Snake:1  | Noticed Aizul
 23157 | Snake:1  | Killed Aizul
 23370 | Snake:1  | Reached skill level 4 in Translocations
 23471 | Snake:1  | Reached skill level 4 in Evocations
 23691 | Snake:1  | Noticed Rupert
 23704 | Snake:1  | Reached skill level 6 in Armour
 23707 | Snake:1  | Killed Rupert
 24192 | Snake:2  | Reached skill level 5 in Translocations
 24210 | Snake:2  | Reached skill level 5 in Evocations
 24401 | Snake:2  | Reached XP level 16. HP: 114/114 MP: 22/22
 24808 | Snake:2  | Found a transporter.
 24812 | Snake:2  | Noticed Nohucul's ghost (adept MiBe)
 24883 | Snake:2  | Found a transporter.
 24972 | Snake:3  | Reached skill level 7 in Armour
 25133 | Snake:3  | Reached skill level 6 in Translocations
 25253 | Snake:3  | Reached skill level 6 in Evocations
 25886 | Snake:3  | Reached skill level 8 in Armour
 26042 | Snake:3  | Reached skill level 7 in Translocations
 26262 | Snake:3  | Reached skill level 9 in Armour
 26748 | Snake:3  | Noticed Vashnia
 26875 | Snake:3  | Identified the +2 helmet of Ru's Anger {rPois rF- Regen+
                  | rCorr}
 27161 | Snake:3  | Killed Vashnia
 27360 | Snake:4  | Entered Level 4 of the Snake Pit
 27775 | Snake:4  | Reached skill level 10 in Dodging
 27776 | Snake:4  | Reached skill level 13 in Fighting
 27789 | Snake:4  | Reached XP level 17. HP: 122/122 MP: 23/23
 28800 | Snake:4  | Noticed a quicksilver dragon
 28804 | Snake:4  | Noticed a quicksilver dragon
 28809 | Snake:4  | Killed a quicksilver dragon
 28893 | Snake:4  | Killed a quicksilver dragon
 29073 | Snake:4  | R - quicksilver dragon scales {rare}
 29104 | Snake:4  | Got a serpentine rune of Zot
 29642 | D:15     | Killed Jorgrun
 30095 | D:15     | You pick up a book of Spectacle and begin reading...
 30095 | D:15     | You add the spells Dazzling Flash, Iskenderun's Mystic
                  | Blast and Starburst to your library.
 30183 | D:15     | You pick up a book of Rime and begin reading...
 30183 | D:15     | You add the spells Frozen Ramparts and Summon Ice Beast to
                  | your library.
 30201 | D:15     | Reached skill level 14 in Fighting
 30201 | D:15     | Reached skill level 11 in Dodging
 30208 | D:15     | Reached skill level 10 in Invocations
 30479 | Elf:1    | Entered Level 1 of the Elven Halls
 30533 | Elf:1    | You finish putting on your quicksilver dragon scales
                  | {rare}.
 30576 | Elf:1    | You finish taking off your quicksilver dragon scales
                  | {rare}.
 30833 | Elf:1    | Paralysed by an air elemental for 1 turns
 30891 | Elf:1    | Paralysed by an air elemental for 1 turns
 31002 | Elf:1    | Identified the +8 trident of Mayhem {heavy, rC+ MP+9 Int-2
                  | Dex+4}
 31010 | Elf:1    | Found a runed translucent gate.
 31010 | Elf:1    | Found a runed translucent gate.
 31010 | Elf:1    | Found a runed translucent gate.
 31010 | Elf:1    | Found a runed translucent gate.
 31010 | Elf:1    | Found a runed translucent gate.
 31012 | Elf:1    | Found a runed translucent gate.
 31640 | Elf:1    | Reached XP level 18. HP: 130/132 MP: 26/26
 31776 | Elf:1    | Paralysed by an air elemental for 1 turns
 32121 | Elf:1    | Reached skill level 11 in Invocations
 32374 | Elf:2    | Found a radiant altar of Vehumet.
 32556 | Elf:2    | Found a runed translucent gate.
 32556 | Elf:2    | Found a runed translucent gate.
 32556 | Elf:2    | Found a runed translucent gate.
 32684 | Elf:2    | You pick up a book of Armaments and begin reading...
 32684 | Elf:2    | You add the spells Stone Arrow, Animate Armour and
                  | Lehudib's Crystal Spear to your library.
 32690 | Elf:2    | You pick up a book of the Warp and begin reading...
 32690 | Elf:2    | You add the spells Manifold Assault, Dispersal and
                  | Disjunction to your library.
 32742 | Elf:2    | Reached skill level 15 in Fighting
 32755 | Elf:2    | Reached skill level 12 in Dodging
 32821 | Elf:2    | Paralysed by an air elemental for 1 turns
 33109 | Elf:2    | Found Ovinnal's Armour Shop.
 33176 | Elf:3    | Entered Level 3 of the Elven Halls
 34608 | Elf:3    | Reached skill level 12 in Invocations
 35342 | Elf:3    | Reached skill level 13 in Dodging
 35368 | Elf:3    | Identified the +8 broad axe of Righteous Fury {drain, *Rage
                  | rElec rPois rCorr}
 35368 | Elf:3    | Identified the amulet of Igely {Rampage Regen+ Dex+6}
 35863 | Elf:2    | a +0 leather armour; a +0 quick blade {shortrare=g}; a +0
                  | quick blade {shortrare=g}
 35866 | Elf:2    | Reached skill level 14 in Dodging
 35923 | Elf:3    | Noticed a Brimstone Fiend
 36448 | Elf:3    | You are cast into the Abyss!
 36448 | Abyss:2  | Found a corrupted altar of Lugonu.
 36448 | Abyss:2  | Cast into level 2 of the Abyss (a deep elf sorcerer)
 36536 | Abyss:2  | Found a corrupted altar of Lugonu.
 36536 | Abyss:2  | Noticed a lich
 36543 | Abyss:2  | Killed a lich
 36658 | Abyss:2  | Found a corrupted altar of Lugonu.
 36719 | Abyss:2  | Found a corrupted altar of Lugonu.
 36751 | Abyss:2  | Found a corrupted altar of Lugonu.
 36774 | Elf:3    | You pass through the gate.
 36774 | Elf:3    | Escaped the Abyss
 36920 | Elf:3    | Reached XP level 19. HP: 139/139 MP: 28/28
 37408 | Elf:3    | Reached skill level 15 in Dodging
 37413 | Elf:3    | Identified the +4 dagger of Xyirph {protect, rC+ Int+4
                  | Stlth+}
 37421 | Elf:3    | Identified the ring of Obarr {Ice MP-9 Str+6}
 37434 | Elf:3    | You pick up a book of the Senses and begin reading...
 37448 | Elf:3    | Identified the ring "Ahemeoc" {Ice Will- Int+7 Dex+4}
 37460 | Elf:3    | Identified the +6 plate armour "Pusus" {Fly Stlth+}
 37477 | Elf:3    | Identified the +5 plate armour of Broken Taboos {rN+}
 37483 | Elf:3    | Identified the +2 war axe of Pyofa {flame, Str+4 SInv}
 37488 | Elf:3    | Identified the +1 plate armour of Sloth {Str-5 Dex+3 SInv
                  | Stlth+}
 37500 | Elf:3    | Identified the staff of conjuration "Mojuis" {rF- Str+3}
 38037 | Shoals:1 | Entered Level 1 of the Shoals
 38230 | Shoals:1 | Identified the +5 rapier of Green Defence {vamp, Str+3}
 38374 | Shoals:1 | You pick up a book of Decay and begin reading...
 39184 | Shoals:2 | You pick up a book of Spatial Translocations and begin
                  | reading...
 39219 | Shoals:2 | Noticed Ilsuiw
 39300 | Shoals:2 | Killed Ilsuiw
 40157 | Shoals:3 | You pick up a book of Sloth and begin reading...
 40185 | Shoals:3 | Identified the ring of Van Ruir {*Corrode Fly Dex+5}
 40825 | Shoals:4 | Entered Level 4 of the Shoals
 40828 | Shoals:4 | Identified the +2 lajatang "Suinuate" {freeze, rPois}
 41250 | Shoals:4 | Reached skill level 16 in Fighting
 41620 | Shoals:4 | Identified the +2 hand axe of Proximity {flame, Str+2 SInv}
 41631 | Shoals:4 | Noticed Polyphemus
 41647 | Shoals:4 | Killed Polyphemus
 41780 | Shoals:4 | Identified the staff of conjuration "Biyrroze" {rCorr Str+3
                  | Int+2}
 41865 | Shoals:4 | Got a barnacled rune of Zot
 41929 | Shoals:4 | Reached skill level 16 in Dodging
 41936 | Shoals:4 | Found the +27 heavy crossbow "Sniper" {heavy, Acc+∞ SInv}
 41940 | Shoals:4 | You drop quicksilver dragon scales {rare}.
 42115 | Shoals:4 | You add the spells Ozocubu's Armour and Ozocubu's
                  | Refrigeration to your library.
 42185 | Shoals:4 | You pick up a book of Vapours and begin reading...
 42783 | Vaults:1 | Entered Level 1 of the Vaults
 42865 | Vaults:1 | HP: 35/143 [dire elephant (4)]
 42865 | Vaults:1 | Slain by a dire elephant

Vanquished Creatures
  Vashnia (Snake:3)
  Rupert (Snake:1)
  Jorgrun (D:15)
  A deep elf blademaster (Elf:3)
  A lich (Abyss:2)
  2 quicksilver dragons (Snake:4)
  A deep elf master archer (Elf:3)
  Polyphemus (Shoals:4)
  4 nagarajas
  8 deep elf sorcerers
  2 deep elf elementalists (Elf:3)
  Aizul (Snake:1)
  An orc warlord (Orc:2)
  6 deep elf demonologists
  A dire elephant (Vaults:1)
  5 deep elf annihilators (Elf:3)
  9 deep elf death magi
  2 merfolk impalers
  6 deep elf high priests
  3 merfolk javelineers
  Snorg (D:11)
  An entropy weaver (shapeshifter) (Elf:1)
  6 vault guards
  5 hydras
  6 salamander tyrants
  3 catoblepae
  3 merfolk avatars
  An alligator snapping turtle (Shoals:4)
  5 centaur warriors
  7 death yaks
  12 dancing weapons
  6 two-headed ogres
  6 merfolk aquamancers (Shoals:4)
  3 boulder beetles
  9 anacondas
  A tengu warrior (D:14)
  4 thrashing horrors
  4 satyrs
  8 naga warriors
  3 orc high priests (Orc:2)
  19 naga sharpshooters
  10 shock serpents
  Sonja (D:11)
  12 deep elf knights
  A wretched star (Abyss:2)
  2 skeletal warriors (D:15)
  A salamander mystic (Snake:3)
  A spark wasp zombie (D:15)
  5 naga ritualists
  2 deep trolls
  2 sea snakes
  7 harpies
  7 orc knights
  19 deep elf zephyrmancers
  A necromancer (D:15)
  16 deep elf archers
  27 deep elf pyromancers
  4 orc sorcerers
  8 mana vipers
  A stone giant zombie (D:15)
  12 ugly things
  8 manticores
  3 cyclopes (D:15)
  4 salamanders
  6 merfolk sirens
  6 guardian serpents
  5 elephants
  A smoke demon (Abyss:2)
  14 naga magi
  2 water nymphs
  42 black mambas
  8 cane toads
  A torpor snail (Lair:5)
  A rime drake (D:10)
  An efreet (D:13)
  2 kobold demonologists (D:12)
  7 komodo dragons
  A freezing wraith (D:15)
  24 merfolk
  A queen bee (Lair:3)
  7 trolls
  2 ancient zymes (Lair:5)
  A tengu conjurer (D:14)
  3 wind drakes
  A hornet (Lair:3)
  2 meliai (Lair:4)
  27 blink frogs
  A polar bear (Lair:4)
  A spriggan zombie (D:15)
  Prince Ribbit (Lair:2)
  9 snapping turtles
  3 air elementals
  A shadow (D:11)
  4 wraiths
  5 wyverns
  A vampire (D:13)
  2 ynoxinuls (Lair:5)
  3 large abominations
  8 water elementals
  4 humans (D:6)
  2 yaks (shapeshifter)
  A wyvern (shapeshifter) (Lair:5)
  27 yaks
  6 basilisks
  7 vampire mosquitoes
  A steam dragon (Lair:4)
  2 chaos spawn (Lair:5)
  2 swamp worms (D:7)
  An acid dragon (D:14)
  A warg (D:15)
  20 nagas
  7 water moccasins
  24 orc warriors
  3 sky beasts
  3 ice beasts (D:10)
  A black bear (D:6)
  7 ogres
  6 wolves
  18 centaurs
  A phantom (D:5)
  2 kobold brigands
  9 small abominations
  8 bullfrogs
  2 earth elementals
  3 necrophages
  4 scorpions
  2 water moccasin zombies (D:4)
  9 wights
  51 killer bees
  9 howler monkeys
  A vampire bat (D:12)
  A lava snake (Lair:3)
  A crimson imp (Abyss:2)
  A gnoll bouda (Orc:1)
  4 hounds
  A human zombie (D:4)
  15 jellies
  29 orc priests
  A sleepcap (D:6)
  27 orc wizards
  Ijyb (D:3)
  6 iguanas
  A scorpion zombie (D:4)
  2 hound zombies (D:4)
  5 gnolls
  6 adders
  A river rat (Lair:4)
  A shadow imp (D:7)
  A white imp (D:6)
  An ufetubus (D:4)
  An adder zombie (D:4)
  2 worms (D:3)
  83 orcs
  6 endoplasms
  6 giant cockroaches
  8 goblins
  7 hobgoblins
  4 jackals (D:4)
  3 quokkas
  5 ball pythons
  8 bats
  4 frilled lizards
  25 kobolds
  3 rats
  A lurking horror (Abyss:2)
1043 creatures vanquished.

Vanquished Creatures (collateral kills)
  A deep elf blademaster (Elf:2)
  Ilsuiw (Shoals:2)
  A frost giant (Shoals:4)
  A deep elf sorcerer (Elf:3)
  3 deep elf elementalists (Elf:3)
  An ironbound preserver (D:14)
  2 deep elf demonologists
  3 deep elf annihilators (Elf:3)
  3 merfolk impalers
  2 vault guards (D:14)
  2 salamander tyrants
  An ironbound frostheart (D:14)
  2 two-headed ogres (D:15)
  An ogre mage (D:15)
  A merfolk avatar (Shoals:4)
  2 anacondas (Snake:3)
  4 centaur warriors
  2 death yaks (Shoals:4)
  A dancing weapon (Elf:1)
  A naga warrior (Snake:3)
  A merfolk aquamancer (Shoals:3)
  A naga sharpshooter (Snake:4)
  4 thrashing horrors
  A vampire mage (D:15)
  3 shock serpents
  A shock serpent (shapeshifter) (D:14)
  4 deep elf knights
  A skyshark (Shoals:3)
  A fire crab (Lair:4)
  5 sea snakes
  3 deep trolls
  8 deep elf pyromancers
  4 harpies
  4 deep elf archers
  3 deep elf zephyrmancers
  2 mana vipers
  5 salamanders
  2 ugly things
  A frost giant zombie (D:15)
  A manticore (Shoals:4)
  An orc sorcerer (Orc:2)
  A cyclops (D:11)
  5 black mambas
  2 merfolk sirens (Shoals:3)
  A naga mage (Snake:3)
  4 elephants
  A water nymph (Shoals:4)
  A cane toad (Lair:5)
  Psyche (D:8)
  A komodo dragon (Lair:3)
  2 rime drakes
  A freezing wraith (D:14)
  9 merfolk
  A meliai (Lair:4)
  A queen bee (Lair:4)
  A wind drake (Shoals:3)
  A polar bear (Lair:5)
  A troll (D:14)
  A blink frog (Lair:5)
  A blink frog (shapeshifter) (D:15)
  A snapping turtle (Shoals:4)
  A wyvern (D:9)
  A spriggan (Lair:5)
  2 water elementals (Shoals:4)
  A ynoxinul (Lair:5)
  17 yaks
  4 basilisks
  3 vampire mosquitoes (D:11)
  A neqoxec (Abyss:2)
  5 large abominations
  9 nagas
  A swamp worm (D:7)
  2 water moccasins
  6 orc warriors
  A black bear (D:7)
  4 ice beasts
  2 small abominations (Lair:5)
  2 wolves (Lair:2)
  3 centaurs
  2 kobold brigands
  2 bullfrogs
  3 wights
  11 killer bees
  2 howler monkeys
  A lava snake (Lair:3)
  4 orc priests
  A hound (D:7)
  4 orc wizards
  A gnoll (Orc:1)
  18 orcs
  A hobgoblin (D:7)
  3 kobolds
  A bat (D:12)
247 creatures vanquished.

Vanquished Creatures (others)
  A centaur warrior (Vaults:1)
  A merfolk (Shoals:2)
  31 knights
  An orc wizard (Elf:1)
  An ancestor (D:7)
  An orc (Elf:1)
  24 fungi
  42 plants
  2 withered plants (D:15)
104 creatures vanquished.

Grand Total: 1394 creatures vanquished

Table legend:
 A = Non-vault XP
 B = Vault XP
 C = Vault XP percentage of total XP
 D = Non-vault monster count
 E = Vault monster count
 F = Vault count percentage of total count
                 A         B        C        D         E       F
            +---------+---------+-------+---------+---------+-------
      Total |  252576 |  209541 |  45.3 |     809 |     482 |  37.3
            +---------+---------+-------+---------+---------+-------
        D:1 |      25 |       0 |   0.0 |      16 |       0 |   0.0
        D:2 |      37 |       1 |   2.6 |      16 |       1 |   5.9
        D:3 |     152 |     212 |  58.2 |      17 |       3 |  15.0
        D:4 |     199 |     430 |  68.4 |      22 |      10 |  31.2
        D:5 |     589 |       0 |   0.0 |      12 |       0 |   0.0
        D:6 |    1064 |     786 |  42.5 |      22 |       5 |  18.5
        D:7 |     783 |     513 |  39.6 |      18 |       9 |  33.3
        D:8 |     604 |     370 |  38.0 |      31 |       1 |   3.1
        D:9 |    1731 |       0 |   0.0 |      12 |       0 |   0.0
       D:10 |    1876 |    1296 |  40.9 |      22 |       8 |  26.7
       D:11 |    2386 |    1672 |  41.2 |      16 |       2 |  11.1
       D:12 |    3890 |      64 |   1.6 |      23 |       7 |  23.3
       D:13 |    7711 |     843 |   9.9 |      21 |       1 |   4.5
       D:14 |   14302 |   11929 |  45.5 |      38 |      14 |  26.9
       D:15 |   11165 |    6776 |  37.8 |      23 |       9 |  28.1
     Lair:1 |    2830 |     664 |  19.0 |      11 |       3 |  21.4
     Lair:2 |    5737 |    2470 |  30.1 |      15 |      17 |  53.1
     Lair:3 |    9483 |    2433 |  20.4 |      33 |      16 |  32.7
     Lair:4 |    6163 |   11472 |  65.1 |      20 |      71 |  78.0
     Lair:5 |    9889 |   11724 |  54.2 |      33 |      41 |  55.4
   Shoals:1 |    7460 |       0 |   0.0 |      18 |       0 |   0.0
   Shoals:2 |    6245 |    3406 |  35.3 |      14 |       5 |  26.3
   Shoals:3 |    7945 |    4272 |  35.0 |      19 |       7 |  26.9
   Shoals:4 |    7566 |   27111 |  78.2 |      18 |      39 |  68.4
    Snake:1 |   12814 |    3025 |  19.1 |      29 |       2 |   6.5
    Snake:2 |   15153 |       0 |   0.0 |      28 |       0 |   0.0
    Snake:3 |   18792 |   27987 |  59.8 |      34 |      40 |  54.1
    Snake:4 |   16690 |   16175 |  49.2 |      31 |      20 |  39.2
      Orc:1 |    3717 |       0 |   0.0 |      49 |       0 |   0.0
      Orc:2 |    2426 |   10581 |  81.3 |      33 |      72 |  68.6
      Elf:1 |   23652 |   15719 |  39.9 |      37 |      32 |  46.4
      Elf:2 |   19948 |    4481 |  18.3 |      31 |       4 |  11.4
      Elf:3 |   21710 |   39823 |  64.7 |      31 |      39 |  55.7
   Vaults:1 |       0 |    3306 | 100.0 |       0 |       4 | 100.0
    Abyss:2 |    7842 |       0 |   0.0 |      16 |       0 |   0.0
            +---------+---------+-------+---------+---------+-------

Illustrated notes

Table legend:
 A = Kills in this place as a percentage of kills in the entire game.
 B = Kills by you in this place as a percentage of kills by you in the entire game.
 C = Kills by friends in this place as a percentage of kills by friends in the entire game.
 D = Other kills in this place as a percentage of other kills in the entire game.
 E = Experience gained in this place as a percentage of experience gained in the entire game.
 F = Experience gained in this place divided by the number of levels of this place that you have seen.
                   A       B       C       D       E      F
               +-------+-------+-------+-------+-------+----------------------
         Total | 100.0 | 100.0 | 100.0 | 100.0 | 100.0 | 12836.6
       Dungeon |  29.4 |  30.1 |  26.3 |   0.0 |  15.5 | 4760.4
          Lair |  20.1 |  19.6 |  22.7 |   0.0 |  13.6 | 12573.0
        Shoals |   9.3 |   8.1 |  14.2 |  50.0 |  13.9 | 16001.2
     Snake Pit |  14.3 |  14.7 |  12.6 |   0.0 |  23.9 | 27659.0
  Orcish Mines |  11.9 |  12.8 |   8.5 |   0.0 |   3.6 | 8362.0
   Elven Halls |  13.5 |  13.5 |  13.4 |   0.0 |  27.1 | 41777.7
        Vaults |   0.3 |   0.2 |   0.4 |  50.0 |   0.7 | 3306.0
         Abyss |   1.2 |   1.1 |   2.0 |   0.0 |   1.7 | 7842.0
               +-------+-------+-------+-------+-------+----------------------

Table legend: (Time is in decaauts)
 A = Elapsed time spent in this place.
 B = Non-inter-level travel time spent in this place.
 C = Inter-level travel time spent in this place.
 D = Time resting spent in this place.
 E = Time spent auto-exploring this place.
 F = Levels seen in this place.
 G = Mean time per level.
                   A        B        C        D        E       F      G
               +--------+--------+--------+--------+--------+-----+--------+
         Total |  42908 |  40273 |   2635 |   9174 |  19177 |  36 | 1191.9 |
       Dungeon |  14988 |  14015 |    973 |   2100 |   8443 |  15 |  999.2 |
        Temple |    167 |     69 |     98 |      0 |     61 |   1 |  167.0 |
          Lair |   6455 |   5911 |    544 |    600 |   3314 |   5 | 1291.0 |
        Shoals |   4669 |   4506 |    163 |    849 |   2361 |   4 | 1167.2 |
     Snake Pit |   6574 |   6372 |    202 |   2026 |   2354 |   4 | 1643.5 |
  Orcish Mines |   2533 |   2180 |    353 |    299 |   1166 |   2 | 1266.5 |
   Elven Halls |   7170 |   6871 |    299 |   3213 |   1447 |   3 | 2390.0 |
        Vaults |     18 |     18 |      0 |      0 |      0 |   1 |   18.0 |
         Abyss |    329 |    329 |      0 |     86 |     31 |   1 |  329.0 |
               +--------+--------+--------+--------+--------+-----+--------+

Top non-repeatable levels by time:
   Elf:3: 3823 daAuts
 Snake:3: 2386 daAuts
 Snake:4: 2027 daAuts
   Elf:1: 1831 daAuts
Shoals:4: 1804 daAuts
   Orc:2: 1758 daAuts
  Lair:4: 1581 daAuts
     D:4: 1553 daAuts
   Elf:2: 1515 daAuts
  Lair:3: 1316 daAuts
     D:7: 1311 daAuts
    D:12: 1220 daAuts
  Lair:5: 1211 daAuts
  Lair:2: 1207 daAuts
    D:14: 1159 daAuts
